 Dungeon Crawl Stone Soup version 0.29-a0-360-g8ed1089bbe (webtiles) character file.

Game seed: 10008679732953780899

135 NinjaNoafa the Twirler (level 4, 0/34 HPs)
             Began as a Demonspawn Gladiator on Apr 28, 2022.
             Was an Initiate of Gozag.
             Slain by an orc
             ... wielding a +3 flail
              (3 damage)
             ... on level 3 of the Dungeon.
             The game lasted 00:11:08 (3500 turns).

NinjaNoafa the Twirler (Demonspawn Gladiator)       Turns: 3500, Time: 00:11:09

Health: 0/34       AC:  6    Str: 16    XL:     4   Next: 97%
Magic:  5/5        EV: 12    Int: 10    God:    Gozag
Gold:   252        SH:  0    Dex: 14    Spells: 5/5 levels left

rFire   . . .      SeeInvis .   n - +0 whip (flame)
rCold   . . .      Faith    .   (no shield)
rNeg    . . .      Spirit   .   b - +0 leather armour
rPois   .          Reflect  .   f - +1 helmet
rElec   .          Harm     .   (no cloak)
rCorr   .          Rampage  .   (no gloves)
Will    .....                   a - +0 pair of boots
Stlth   +.........              (no amulet)
HPRegen 0.11/turn               (no ring)
MPRegen 0.09/turn               (no ring)

@: gold aura, flying, hasted, very quick
A: claws 1, ignite blood 2
a: Renounce Religion, Potion Petition, Call Merchant, Bribe Branch


You were on level 3 of the Dungeon.
You worshipped Gozag.
Gozag was aware of your devotion.
You visited 1 branch of the dungeon, and saw 3 of its levels.

You collected 318 gold pieces.
You paid 66 gold pieces to Gozag.

Inventory:

Hand Weapons
 n - a +0 whip of flaming (weapon)
Missiles
 d - 3 throwing nets (quivered)
 g - 74 stones
Armour
 a - a +0 pair of boots (worn)
 b - a +0 leather armour (worn)
 f - a +1 helmet (worn)
Scrolls
 c - 2 scrolls of identify {unknown}
 i - a scroll of blinking {unknown}
 m - 3 scrolls of teleportation {unknown}
 p - a scroll of enchant weapon {unknown}
Potions
 e - a potion of curing
 h - a potion of brilliance
 o - a potion of flight


   Skills:
 - Level 2.6 Fighting
 + Level 1.0(2.2) Maces & Flails
 - Level 3.1(3.2) Staves
 - Level 2.3 Throwing
 - Level 3.1 Dodging
 + Level 1.2 Spellcasting
 - Level 1.0 Necromancy
 + Level 0.6 Transmutations
 - Level 0.9 Air Magic
 + Level 0.7 Poison Magic


You had 5 spell levels left.
You didn't know any spells.
Your spell library contained the following spells:

 Spells                   Type           Power      Damage    Failure   Level
 Beastly Appendage        Tmut           2%         N/A       32%         1
 Slow                     Hex            0%         N/A       38%         1
 Corpse Rot               Necr/Air       4%         N/A       38%         2
 Poisonous Vapours        Pois/Air       4%         N/A       41%         2
 Wereblood                Tmut           1%         N/A       43%         2
 Vampiric Draining        Necr           2%         2d6       63%         3
 Spider Form              Tmut/Pois      1%         N/A       67%         3
 Confusing Touch          Hex            0%         N/A       77%         3


Dungeon Overview and Level Annotations

Branches:
Dungeon (3/15)

Altars:
Gozag
Xom
Beogh

Shops:
D:1 *   D:2 =!


Innate Abilities, Weirdness & Mutations

You have sharp fingernails.
Your demonic aura often causes spilled blood to erupt in flames.


Message History

Items here: $ )) [[.
The orc shouts!
You hit the orc. You burn the orc.
The orc is no longer distracted by gold.
The orc is severely wounded.
You closely miss the orc.
The orc is severely wounded.
The orc closely misses you.
You completely miss the orc.
The orc is severely wounded.
The orc hits you with a +0 flail.
You closely miss the orc.
The orc is severely wounded.
You barely miss the orc.
The orc is severely wounded.
You feel better. The orc hits you with a +0 flail.
The orc hits you with a +3 flail!
* * * LOW HITPOINT WARNING * * *
You barely miss the orc.
The orc is severely wounded.
Okay, then.
You are too injured to fight recklessly!
Throw: javelin
Press: ? - help, Q - select action, (/) - cycle Shift-Dir - straight line, f - orc
Aim: an orc, wielding a +0 flail and wearing a +0 leather armour (severely wounded, 60% to hit)
You throw a javelin.
The javelin pierces through the orc but does no damage.
The orc is severely wounded.
The javelin pierces through the orc but does no damage.
The javelin pierces through the orc!
You kill the orc!
Okay, then.
You hit the orc. You burn the orc.
You kill the orc!
Your base Maces & Flails skill increases to level 1!
You hit the orc. You burn the orc.
The orc is moderately wounded.
The orc hits you with a +3 flail.
You die...
Your body crumbles into a pile of gold.

+### #...........# #...... .#
#...........# ######. .#
#...........# #. .# #...........#
#. '###########################
## ....[......................# #
..)........................# #
)))........................######
................@..........).....
######..........o....##..........
#8.............8##..........
#######'$$########..........
#.......○.....# #..........
#....#####....# #......[...
#.###.....###.# #..........
#.#8#..8..#8#.# #..........
...........# #..........


You could see an orc.

Vanquished Creatures
  The ghost of lucidbluej the Skirmisher, a weakling OgBe of Trog (D:3)
  4 adders
  2 worms (D:2)
  2 dart slugs
  11 orcs
  10 ball pythons
  7 bats
  6 endoplasms
  A giant cockroach (D:3)
  2 goblins
  4 hobgoblins
  A kobold (D:2)
  2 quokkas
  A frilled lizard (D:3)
  5 rats
59 creatures vanquished.

Notes
Turn   | Place    | Note
-------+----------+-------------------------------------------
     0 | D:1      | NinjaNoafa the Demonspawn Gladiator began the quest for the
                  | Orb.
     0 | D:1      | Reached XP level 1. HP: 16/16 MP: 1/1
   558 | D:1      | Found a faded altar of an unknown god.
   558 | D:1      | Found Qaulu's General Store.
   586 | D:1      | Gained mutation: Your demonic aura sometimes causes spilled
                  | blood to erupt in flames. [demonic ancestry]
   586 | D:1      | Reached XP level 2. HP: 22/22 MP: 2/2
  1262 | D:2      | Found a shimmering altar of Xom.
  1474 | D:2      | Gained mutation: Your demonic aura often causes spilled
                  | blood to erupt in flames. [demonic ancestry]
  1474 | D:2      | Reached XP level 3. HP: 22/28 MP: 3/3
  1651 | D:2      | Found Ofi Ida's Jewellery Boutique.
  1947 | D:2      | Found Kigreal's Distillery.
  2185 | D:3      | Gained mutation: You have sharp fingernails. [demonic
                  | ancestry]
  2185 | D:3      | Reached XP level 4. HP: 34/34 MP: 4/4
  2453 | D:3      | Found an opulent altar of Gozag.
  2468 | D:3      | Became a worshipper of Gozag Ym Sagoz the Greedy
  2646 | D:3      | Found a runed translucent gate.
  2647 | D:3      | Found a runed translucent gate.
  2648 | D:3      | Found a runed translucent gate.
  2648 | D:3      | Noticed lucidbluej's ghost (weakling OgBe)
  2904 | D:3      | Reached skill level 1 in Necromancy
  3108 | D:3      | Reached skill level 1 in Spellcasting
  3475 | D:3      | Killed lucidbluej's ghost
  3500 | D:3      | Reached skill level 1 in Maces & Flails
  3500 | D:3      | Slain by an orc

Illustrated notes

Levels and vault maps discovered:
D:1:      dpeg_arrival_more_subterranean_lakeside_camping, layout_basic,
          serial_shops, nicolae_shop_advertising_works
          [nicolae_subvault_shop_adworks], basic_ecumenical_altar
D:2:      layout_basic, serial_shops, shop_fountains, shop, basic_altar
D:3:      layout_basic, mainiacjoe_overflow_alcove_1, biasface_ghost_orc_armoury

Skill      XL: |  1  2  3  4 |
---------------+-------------+-----
Throwing       | 2 |  2.3
Dodging        | 3 |  3.1
Staves         | 3 |  3.1
Necromancy     | 1 |  1.0
Spellcasting   | 1 |  1.2
Maces & Flails | 1 |  1.0
Fighting       | |  2.6
Transmutations | |  0.6
Air Magic      | |  0.9
Poison Magic   | |  0.7

Action                   |  1- 3 |  4- 6 || total
-------------------------+-------+-------++-------
Melee: Quarterstaff      |    54 |       ||    54
       Whip              |       |    68 ||    68
       Mace              |       |    24 ||    24
Throw: Javelin           |    14 |     5 ||    19
       Throwing net      |     2 |       ||     2
       Stone             |    21 |       ||    21
  Use: Potion            |     1 |     8 ||     9
 Stab: Sleeping          |     1 |       ||     1
Armor: Leather armour    |    18 |    36 ||    54
Dodge: Dodged            |    37 |    93 ||   130

Table legend: (Time is in decaauts)
 A = Elapsed time spent in this place.
 B = Non-inter-level travel time spent in this place.
 C = Inter-level travel time spent in this place.
 D = Time resting spent in this place.
 E = Time spent auto-exploring this place.
 F = Levels seen in this place.
 G = Mean time per level.
                   A        B        C        D        E       F      G
               +--------+--------+--------+--------+--------+-----+--------+
         Total |   3521 |   3266 |    255 |      0 |   2732 |   3 | 1173.7 |
       Dungeon |   3521 |   3266 |    255 |      0 |   2732 |   3 | 1173.7 |
               +--------+--------+--------+--------+--------+-----+--------+

Top non-repeatable levels by time:
     D:1: 1260 daAuts
     D:3: 1146 daAuts
     D:2: 1114 daAuts
